 Dungeon Crawl Stone Soup version 0.16-a0-1970-g0967df0 (console) character file.

2587 Fusha the Ruffian (level 9, 0/88 HPs)
             Began as a Troll Venom Mage on Nov 7, 2014.
             Was a Follower of Ru.
             Slain by a ten-headed hydra (5 damage)
             ... on level 7 of the Dungeon.
             The game lasted 00:26:57 (6338 turns).

Fusha the Ruffian (Troll Venom Mage)                Turns: 6338, Time: 00:26:58

Health: 0/88       AC: 12    Str: 18    XL:     9   Next: 32%
Magic:  7/7        EV: 11    Int: 13    God:    Ru [*.....]
Gold:   438        SH:  0    Dex: 11    Spells: 2 memorised, 6 levels left

rFire  + . .     SeeInvis .       - Unarmed
rCold  + . .     Clarity  .     e - +2 robe {rC+ rF+}
rNeg   + . .     SustAb   .     (shield restricted)
rPois  .         Gourm    +     (helmet restricted)
rElec  .         Spirit   .     J - +0 cloak
rCorr  .         Warding  .     (gloves unavailable)
rMut   .         Stasis   .     (boots unavailable)
MR     .....                    (no amulet)
Stlth  +.........               H - ring of positive energy
                                E - ring of flight (curse)

@: very slightly contaminated, not resistant to hostile enchantments, very
unstealthy
A: unfitting armour, claws 3, iridescent scales 1, blink 1, fast metabolism 3,
gourmand, regeneration 2, screaming 1, shaggy fur 1, spit poison 1, tough skin
2, evolution 1, no hexes magic, no poison magic, no summoning magic
a: Spit Poison, Blink, Renounce Religion, Evoke Flight


You were on level 7 of the Dungeon.
You worshipped Ru.
Ru was aware of your devotion.
You were full.

You visited 2 branches of the dungeon, and saw 8 of its levels.

You collected 438 gold pieces.

Inventory:

Missiles
 n - 125 stones (quivered)
 C - 2 throwing nets
Armour
 a - a +0 robe
 e - a +2 robe of resistance (worn)
 J - a +0 cloak (worn)
Jewellery
 E - a cursed ring of flight (left claw)
 H - a ring of positive energy (right claw)
Magical devices
 j - a wand of invisibility (2)
 p - a wand of polymorph (14)
 K - a wand of fire (7)
 L - a wand of flame (15)
Scrolls
 f - a scroll of blinking
 i - 2 scrolls of teleportation {unknown}
 l - 4 scrolls of remove curse
 m - 3 scrolls of amnesia
 r - 3 scrolls of enchant armour {unknown}
 u - a scroll of recharging {unknown}
 v - 2 scrolls of fear {unknown}
 y - 2 scrolls of fog {unknown}
 B - 2 scrolls of noise {unknown}
 F - a scroll of magic mapping {unknown}
 M - a scroll of random uselessness {unknown}
 O - a scroll of silence {unknown}
Potions
 g - a potion of cancellation
 k - 2 potions of brilliance
 o - 2 potions of haste
 q - 4 potions of might
 s - a potion of mutation
 w - 2 potions of magic
 x - a potion of berserk rage
 A - a potion of restore abilities
 G - 2 potions of curing
 I - a potion of poison
 N - a potion of beneficial mutation
Books
 b - a Young Poisoner's Handbook

   Spells                             Type                      Level
   *Sting                             Conjuration/Poison           1
   Cure Poison                        Poison                       2
   *Mephitic Cloud                    Conjuration/Poison/Air       3
   Olgreb's Toxic Radiance            Poison                       4
   Venom Bolt                         Conjuration/Poison           5
Comestibles
 c - 3 meat rations
 d - 5 bread rations
 h - a royal jelly
 t - 3 slices of pizza
 z - 3 fruits
 D - a beef jerky


   Skills:
 * Level 5.3 Fighting
 + Level 4.1 Dodging
 - Level 1.1 Stealth
 * Level 6.8 Unarmed Combat
 - Level 1.2 Spellcasting
 * Level 3.8 Conjurations
 + Level 1.5 Air Magic


You had 6 spell levels left.
You knew the following spells:

 Your Spells              Type           Power        Failure   Level  Hunger
a - Sting                 Conj/Pois      #...         14%         1    ##.....
b - Mephitic Cloud        Conj/Pois/Air  #.......     38%         3    ####...


Dungeon Overview and Level Annotations

Branches:
Dungeon (7/15)             Temple (1/1) D:5

Altars:
Elyvilon
Gozag
Kikubaaqudgha
Nemelex Xobeh
Okawaru
Ru
Sif Muna
Trog
Vehumet
Yredelemnul
Zin

Annotations:
D:1 some potion behind rock


Innate Abilities, Weirdness & Mutations

You are too large for most types of armour.
You have claws for hands.
Your metabolism is lightning-fast.
You like to eat raw meat.
You heal very quickly.
You are covered in fur (AC +1).
You have very tough skin (AC +2).
You cannot study or cast Hexes magic.
You cannot study or cast Poison magic.
You cannot study or cast Summoning magic.
You are partially covered in iridescent scales (AC +4).
You can translocate small distances at will.
You occasionally shout uncontrollably at your foes.
You can spit poison.
You evolve.


Message History

* * * LOW HITPOINT WARNING * * *
The ten-headed hydra bites you but does no damage. x2
The ten-headed hydra closely misses you.
The ten-headed hydra bites you!
* * * LOW HITPOINT WARNING * * *
The ten-headed hydra bites you but does no damage.
The ten-headed hydra closely misses you. x3
The ten-headed hydra bites you!
* * * LOW HITPOINT WARNING * * *
The ten-headed hydra bites you but does no damage. x3
You flicker for a moment.
You flicker back into view.
The ten-headed hydra is no longer bleeding.
The ten-headed hydra barely misses you. x2
The ten-headed hydra bites you.
* * * LOW HITPOINT WARNING * * *
The ten-headed hydra bites you.
* * * LOW HITPOINT WARNING * * *
The ten-headed hydra bites you.
You die...

#######..## .........##
......#...##
########...## ##...#####
# ##...##.### #
##...##...# ##
#..#<..D..# ##.
#.###...@#### #(.
#.###.......##### ##)#
####......#...).######.##
####..#####......#..##
#....# #...##...##.
♣....♣ #...####.#..
♣...♣♣ #..## #.... ♣♣.♣♣
#.## ##.... ♣.♣♣ ###
##.....


You could see a ten-headed hydra.

Vanquished Creatures
  Pikel (D:7)
  Eustachio (D:7)
  Menkaure (D:7)
  An ice beast (D:6)
  3 ogres
  An orc warrior (D:6)
  Crazy Yiuf (D:7)
  2 phantoms
  Duvessa (D:7)
  A big kobold (D:7)
  A slave (D:7)
  2 giant frogs (D:6)
  A water moccasin zombie (D:5)
  A wyvern skeleton (D:7)
  A scorpion (D:6)
  Dowan (D:7)
  2 crimson imps
  2 orc priests
  2 iron imps (D:7)
  3 hounds
  An iguana (D:6)
  5 worker ants
  4 orc wizards
  Ijyb (D:3)
  Jessica (D:3)
  An ogre skeleton (D:6)
  6 adders
  A green rat (D:7)
  4 shadow imps
  A giant mite (D:5)
  4 worms
  2 ufetubi (D:7)
  2 giant geckos (D:5)
  29 orcs
  4 ball pythons
  15 bats
  A bat skeleton (D:5)
  3 giant cockroaches (D:2)
  21 hobgoblins
  13 jackals
  13 kobolds
  An ooze (D:5)
  6 quokkas
  2 giant gecko skeletons (D:5)
  2 giant newts
  14 goblins
  A hobgoblin skeleton (D:6)
  A quokka skeleton (D:5)
  A quokka zombie (D:5)
  9 rats
  A rat skeleton (D:6)
  A rat zombie (D:5)
  A plant (D:1)
201 creatures vanquished.

Vanquished Creatures (others)
  A slave (D:7)
  A scorpion zombie (D:6)
  2 orcs (D:6)
  A hobgoblin (D:6)
  A giant spore (D:5)
6 creatures vanquished.

Grand Total: 207 creatures vanquished

Notes
Turn   | Place    | Note
--------------------------------------------------------------
     0 | D:1      | Fusha, the Troll Venom Mage, began the quest for the Orb.
     0 | D:1      | Reached XP level 1. HP: 16/16 MP: 2/2
     5 | D:1      | Reached skill level 3 in Poison Magic
   113 | D:1      | Reached skill level 1 in Unarmed Combat
   116 | D:1      | Reached XP level 2. HP: 24/24 MP: 2/2
   395 | D:1      | Reached skill level 1 in Fighting
   449 | D:1      | Reached XP level 3. HP: 29/33 MP: 3/3
   454 | D:1      | Learned a level 3 spell: Mephitic Cloud
   921 | D:2      | Found an opulent altar of Gozag.
  1227 | D:2      | Reached XP level 4. HP: 37/41 MP: 4/4
  1591 | D:2      | Found a deep blue altar of Sif Muna.
  1947 | D:3      | Noticed a phantom
  1961 | D:3      | Gained mutation: You occasionally shout uncontrollably at your foes. [potion of mutation]
  1961 | D:3      | Gained mutation: You can translocate small distances at will. [potion of mutation]
  1961 | D:3      | Gained mutation: You can spit poison. [potion of mutation]
  1968 | D:3      | Killed a phantom
  1968 | D:3      | Reached XP level 5. HP: 43/49 MP: 4/4
  2187 | D:3      | Noticed Ijyb
  2211 | D:3      | Killed Ijyb
  2299 | D:3      | Noticed Jessica
  2314 | D:3      | Killed Jessica
  2518 | D:4      | Noticed a phantom
  2539 | D:4      | Killed a phantom
  2539 | D:4      | Reached skill level 1 in Conjurations
  2539 | D:4      | Reached XP level 6. HP: 41/59 MP: 5/5
  2971 | D:4      | Noticed an ogre
  2975 | D:4      | Noticed an ogre
  3020 | D:4      | Killed an ogre
  3020 | D:4      | Reached XP level 7. HP: 19/67 MP: 3/5
  3200 | D:4      | Killed an ogre
  3200 | D:4      | Reached skill level 4 in Unarmed Combat
  3372 | D:5      | Entered Level 5 of the Dungeon
  3421 | D:5      | Found a staircase to the Ecumenical Temple.
  3430 | Temple   | Entered the Ecumenical Temple
  3439 | Temple   | Became a worshipper of Ru the Awakened
  3800 | D:5      | Found a glowing silver altar of Zin.
  4270 | D:6      | Reached skill level 5 in Unarmed Combat
  4345 | D:6      | Reached XP level 8. HP: 73/78 MP: 6/6
  4431 | D:6      | Found a sparkling altar of Nemelex Xobeh.
  4443 | D:6      | Gained mutation: You cannot study or cast Summoning magic. [Ru sacrifice]
  4443 | D:6      | Gained mutation: You cannot study or cast Hexes magic. [Ru sacrifice]
  4443 | D:6      | Gained mutation: You cannot study or cast Poison magic. [Ru sacrifice]
  4443 | D:6      | Acquired Ru's first power
  4576 | D:6      | Found a radiant altar of Vehumet.
  4976 | D:6      | HP: 3/79 [orc/wand of fire (25)]
  5537 | D:7      | Gained mutation: You evolve. [potion of beneficial mutation]
  5538 | D:7      | Gained mutation: You are partially covered in iridescent scales (AC +4). [potion of beneficial mutation]
  5696 | D:7      | Noticed Menkaure
  5705 | D:7      | Killed Menkaure
  5745 | D:7      | Reached skill level 1 in Air Magic
  5758 | D:7      | Reached skill level 6 in Unarmed Combat
  5761 | D:7      | Noticed Pikel
  5770 | D:7      | Killed Pikel
  5770 | D:7      | Reached skill level 5 in Fighting
  5770 | D:7      | Reached XP level 9. HP: 73/88 MP: 7/7
  5795 | D:7      | Noticed Duvessa
  5795 | D:7      | Noticed Dowan
  5810 | D:7      | Killed Duvessa
  5823 | D:7      | Killed Dowan
  5911 | D:7      | Noticed Eustachio
  5981 | D:7      | Killed Eustachio
  6235 | D:7      | Noticed Crazy Yiuf
  6239 | D:7      | Killed Crazy Yiuf
  6299 | D:7      | Noticed a seven-headed hydra
  6325 | D:7      | HP: 1/88 [ten-headed hydra (15)]
  6338 | D:7      | Slain by a ten-headed hydra

Action                   |  1- 3 |  4- 6 |  7- 9 || total
-------------------------+-------+-------+-------++-------
Melee: Unarmed           |   181 |   198 |   369 ||   748
Throw: Stone             |       |       |     1 ||     1
 Cast: Sting             |     3 |    10 |    11 ||    24
       Mephitic Cloud    |       |       |     1 ||     1
Invok: Sacrifice Arcana  |       |       |     1 ||     1
Evoke: Wand              |       |       |     1 ||     1
  Use: Potion            |       |     5 |     2 ||     7
       Scroll            |       |       |     7 ||     7
 Stab: Sleeping          |       |     1 |     2 ||     3
       Invisible         |       |       |     1 ||     1
  Eat: Chunk             |    14 |    20 |    29 ||    63
